Map: Newkirk Precinct TE (Void)

Players

TooDming

  • Race: Zerg Zerg
  • Spawn Location: 5:00

Serral - Winner!

  • Race: Zerg Zerg
  • Spawn Location: 7:00

Event: WCS Austin 2017

VOD

Have the link to the VOD?

Description

Time

  • Played on: April 29, 2017, 11:26 a.m.
  • Length: 11:59

All games in this series

Show
View Real Time Build Order
Export as new Build Order

TooDming Zerg 

Build Orders: Hatch First 

Get SALT Encoding   

  12  0:00  Drone  
  13  0:08  Drone  
  14  0:17  Overlord  
  14  0:23  Extractor, Drone  
  15  0:36  Drone x2  
  17  0:53  Hatchery  
  17  0:56  Drone  
  17  0:59  Drone  
  17  1:01  Extractor  
  17  1:15  Spawning Pool  
  17  1:17  Drone  
  17  1:22  Drone  
  18  1:26  Drone  
  19  1:37  Overlord  
  19  2:01  Metabolic Boost, Queen  
  19  2:03  Zergling x4  
  19  2:05  Queen  
  25  2:11  Drone  
  25  2:12  Drone  
  27  2:16  Drone  
  28  2:23  Drone  
  29  2:38  Hatchery  
  29  2:41  Zergling x4  
  30  2:48  Overlord  
  30  2:50  Zergling x4  
  32  2:56  Zergling x2  
  33  3:03  Zergling x2  
  34  3:10  Zergling x2  
  35  3:14  Zergling x2  
  35  3:15  Zergling x12  
  42  3:21  Zergling x2  
  42  3:27  Zergling x2  
  42  3:35  Zergling x4  
  42  3:36  Baneling Nest  
  41  3:44  Zergling x2  
  41  3:45  Zergling x6  
  44  3:51  Overlord  
  44  3:55  Drone x3  
  46  4:03  Zergling x2  
  46  4:07  Zergling x2  
  46  4:08  Zergling x2  
  45  4:12  Drone x2  
  46  4:22  Baneling x4  
  41  4:32  Zergling x16  
  48  4:46  Zergling x6  
  48  4:52  Zergling x2  
  51  4:57  Zergling x10  
  55  5:06  Zergling x10  
  53  5:08  Baneling x2  
  53  5:18  Baneling  
  53  5:19  Baneling, Zergling x4  
  53  5:20  Zergling x2  
  54  5:23  Zergling x4  
  54  5:29  Zergling x4  
  55  5:36  Zergling x6  
  55  5:37  Baneling x2  
  57  5:49  Baneling  
  50  6:04  Baneling x2  
  50  6:08  Zergling x2  
  49  6:13  Queen, Overlord  
  48  6:20  Zergling x2  
  48  6:24  Zergling x2  
  48  6:25  Zergling x10  
  49  6:26  Zergling x2  
  49  6:29  Zergling x4  
  49  6:30  Zergling x4  
  49  6:32  Drone x2  
  48  6:33  Drone  
  48  6:34  Zergling x2  
  48  6:38  Baneling x2  
  49  6:42  Drone x2  
  49  6:45  Baneling x2  
  51  6:47  Zergling x4  
  51  6:49  Zergling x2  
  51  6:53  Zergling x2  
  55  6:54  Baneling  
  55  6:58  Zergling x4  
  57  7:06  Zergling x2  
  57  7:11  Baneling x2  
  56  7:16  Zergling x4  
  56  7:18  Zergling x2  
  56  7:19  Zergling x2  
  46  7:30  Zergling x20  
  51  7:41  Zergling x2  
  48  7:47  Drone x4  
  52  7:53  Baneling  
  52  7:54  Extractor, Baneling x3  
  52  7:55  Drone x2  
  52  7:56  Drone x2  
  55  7:59  Queen  
  55  8:02  Drone  
  54  8:15  Roach Warren, Drone x3  
  56  8:27  Overlord x2  
  54  8:59  Roach  
  54  9:00  Roach x9  
  73  9:05  Overlord x3  
  72  9:12  Roach x2  
  67  9:20  Zergling x2  
  67  9:24  Baneling x3  
  61  9:25  Zergling x8  
  61  9:29  Zergling x2  
  61  9:30  Zergling x2  
  67  9:32  Zergling x2  
  67  9:35  Zergling x2  
  67  9:37  Zergling x2  
  70  9:45  Zergling x4  
  72  9:50  Baneling x2  
  72  9:51  Baneling, Zergling x2  
  71  10:04  Zergling x4  
  71  10:06  Zergling x4  
  68  10:07  Zergling x4  
  68  10:09  Zergling x4  
  68  10:10  Zergling x4  
  68  10:12  Zergling x2  
  62  10:25  Drone x4  
  64  10:29  Drone  
  64  10:31  Ravager x2  
  64  10:33  Ravager  
  64  10:35  Ravager  
  69  10:49  Zergling x14  
  76  10:54  Zergling x4  
  78  11:01  Zergling x4  
  78  11:02  Zergling x2  
  81  11:07  Zergling x8  
  81  11:08  Zergling x2  
  86  11:15  Zergling x8  
  90  11:21  Overlord  
  90  11:28  Overlord  
  90  11:29  Zergling x4  
  92  11:34  Zergling x4  
Show
View Real Time Build Order
Export as new Build Order

Serral Zerg - Winner!

Build Orders: Pool First, Zergling Baneling 

Get SALT Encoding   

  12  0:00  Drone  
  13  0:13  Overlord  
  13  0:18  Drone  
  14  0:31  Drone  
  14  0:32  Drone  
  14  0:35  Drone  
  17  0:46  Extractor, Drone  
  17  0:51  Spawning Pool  
  17  0:56  Drone  
  17  1:07  Drone  
  18  1:20  Hatchery  
  18  1:24  Drone  
  18  1:28  Drone  
  19  1:38  Queen  
  21  1:42  Zergling x2  
  22  1:48  Metabolic Boost  
  22  1:55  Overlord  
  22  2:06  Baneling Nest  
  22  2:07  Drone  
  22  2:15  Queen  
  24  2:19  Drone  
  24  2:22  Zergling x2  
  26  2:33  Drone x2  
  28  2:43  Drone  
  29  2:48  Zergling x8  
  33  2:54  Zergling x2  
  34  2:59  Baneling  
  34  3:07  Hatchery  
  33  3:15  Zergling x6  
  36  3:23  Baneling  
  35  3:27  Overlord  
  35  3:30  Baneling  
  35  3:34  Zergling x2  
  35  3:35  Overlord x2  
  35  3:41  Drone  
  35  3:47  Drone, Zergling x2  
  35  3:48  Drone  
  38  3:49  Drone  
  38  3:55  Baneling x2  
  38  3:56  Zergling x4  
  38  4:01  Zergling x2  
  41  4:08  Zergling x6  
  39  4:14  Baneling  
  39  4:15  Baneling  
  39  4:16  Zergling x4  
  40  4:21  Zergling x6  
  40  4:22  Baneling  
  42  4:27  Drone x2  
  43  4:32  Baneling x2  
  43  4:38  Queen  
  43  4:39  Overlord  
  43  4:45  Overlord  
  43  4:50  Zergling x6  
  43  4:52  Zergling x2  
  40  4:55  Baneling x2  
  40  4:57  Zergling x2  
  38  5:06  Zergling x4  
  38  5:12  Zergling x4  
  40  5:15  Baneling  
  40  5:19  Baneling, Zergling x2  
  40  5:20  Zergling x4  
  43  5:24  Zergling x2  
  43  5:26  Zergling x2  
  43  5:28  Baneling  
  44  5:31  Zergling x2  
  44  5:32  Zergling x2  
  45  5:36  Queen  
  45  5:40  Baneling, Zergling x2  
  47  5:44  Zergling x2  
  47  5:49  Zergling x2  
  49  5:50  Baneling  
  41  6:00  Zergling x2  
  41  6:01  Baneling, Zergling x2  
  41  6:03  Zergling x4  
  45  6:04  Baneling  
  45  6:05  Zergling x4  
  45  6:08  Zergling x4  
  48  6:13  Zergling x6  
  48  6:15  Zergling x2  
  51  6:20  Zergling x2  
  51  6:23  Zergling x2  
  44  6:26  Zergling x4  
  44  6:31  Baneling x2  
  43  6:34  Drone  
  43  6:38  Drone  
  45  6:43  Drone  
  45  6:46  Baneling  
  46  6:51  Drone x3  
  46  6:52  Drone  
  50  6:58  Baneling  
  51  7:01  Drone x2  
  51  7:06  Drone x2  
  51  7:07  Drone  
  52  7:10  Baneling  
  52  7:15  Drone x2  
  53  7:17  Drone x2  
  53  7:22  Zergling x2  
  51  7:29  Zergling x2  
  50  7:30  Zergling x4  
  50  7:37  Zergling x2  
  50  7:38  Zergling x2  
  50  7:41  Baneling x2  
  50  7:43  Zergling x2  
  49  7:45  Baneling x2  
  49  7:46  Queen x2  
  53  7:53  Zergling x4  
  53  7:55  Baneling  
  53  7:58  Drone  
  54  8:01  Queen  
  54  8:04  Baneling  
  56  8:05  Zergling x2  
  56  8:06  Zergling x4  
  58  8:15  Drone x3  
  58  8:19  Drone  
  62  8:20  Extractor, Roach Warren, Drone  
  62  8:25  Drone  
  62  8:32  Drone x2  
  64  8:37  Baneling, Evolution Chamber  
  64  8:38  Overlord  
  63  8:43  Overlord  
  63  8:46  Drone x2  
  65  8:50  Drone x2  
  64  9:00  Drone x3  
  64  9:01  Drone  
  67  9:03  Zerg Missile Weapons Level 1  
  67  9:06  Extractor  
  66  9:11  Overlord  
  66  9:14  Roach x3  
  66  9:16  Extractor  
  66  9:18  Roach  
  66  9:22  Roach  
  69  9:24  Spine Crawler x2  
  69  9:26  Roach  
  71  9:31  Roach  
  71  9:33  Roach  
  71  9:35  Spine Crawler  
  71  9:36  Spine Crawler  
  71  9:43  Roach x3  
  77  9:49  Roach x3  
  83  10:02  Roach x4  
  90  10:11  Roach x4  
  85  10:16  Roach x3  
  85  10:17  Drone x2  
  94  10:27  Drone x4  
  95  10:34  Lair  
  93  10:36  Roach x2  
  93  10:37  Roach x2  
  101  10:44  Roach x2  
  105  10:51  Overlord x2  
  105  10:58  Overlord x2  
  105  11:10  Overlord  
  105  11:11  Overlord  
  105  11:19  Roach  
  105  11:20  Roach x7  
  105  11:23  Overlord  
  121  11:31  Overseer  
  121  11:38  Roach  
  121  11:39  Roach x3  
Tags
 
Add a new tag
Caveats
  • Supply blocks, unpowered buildings, or Contaminate may cause inaccurate times.
  • Supply counts are checked every 10 seconds.